 Dungeon Crawl Stone Soup version 0.28-a0-1365-g7e0445c96d (console) character file.

Game seed: 17039412838951293969

1827354 Gather the Metallomancer (level 27, 219/219 HPs)
             Began as a Demigod Fire Elementalist on Oct 16, 2021.
             Escaped with the Orb
             ... and 4 runes on Dec 31, 2021!
             The game lasted 13:45:21 (116575 turns).

Gather the Metallomancer (DgFE)                   Turns: 116575, Time: 13:45:22

Health: 219/219    AC: 20    Str: 17 (18) XL:     27
Magic:  50/57      EV: 20    Int: 43      God:
Gold:   860        SH: 12    Dex: 21      Spells: 2/56 levels left

rFire   + + +      SeeInvis +   e - staff of earth
rCold   + + +      Faith    .   r - +3 warlock's mirror {reflect}
rNeg    + . .      Spirit   .   V - +3 leather armour "Duwu Tech" {Contam rF+++ rC++ Dex+3}
rPois   +          Reflect  +   F - +2 hat {SInv}
rElec   +          Harm     .   P - +2 cloak {rPois}
rCorr   .          Rampage  .   t - +2 pair of gloves of the Untouchables {rC+}
Will    ++++.                   I - +2 pair of boots {Stlth+}
Stlth   ++........              m - amulet of Zurir {RegenMP +Inv rElec rC+}
HPRegen 1.26/turn               C - ring of magical power
MPRegen 0.75/turn               z - ring "Zeadd" {rN+ Will++ Str+3 Int+2}

@: hasted (expiring), very quick
A: high mp 1, forlorn, divine attributes, horns 1, fire resistance 1, frail 1,
regeneration 1, weak 1, subdued magic 1
0: Orb of Zot
}: 4/15 runes: decaying, serpentine, slimy, silver
a: Evoke Invisibility


You escaped.
You visited 11 branches of the dungeon, and saw 56 of its levels.
You visited the Abyss 8 times.
You visited 1 ziggurat, and saw 10 of its levels.
You also visited: Trove, Sewer, Ice Cave and Wizlab.

You collected 10295 gold pieces.
You spent 9435 gold pieces at shops.

Inventory:

Hand Weapons
 a - a +9 demon blade of electrocution
 c - the +10 whip "Oruqi" {drain, rN++ rCorr}
   (You found it on level 11 of the Dungeon)

   A truly terrible weapon, it drains the life of any living foe it strikes.
   rN:        It greatly protects you from negative energy.
   rCorr:     It protects you from acid and corrosion.
 d - the +7 Spriggan's Knife {stab, EV+4 Stlth+}
   (You bought it in a shop on level 2 of the Vaults)

   It is more effective when stabbing unaware enemies, treating them as though
   they were completely helpless.
   EV:        It affects your evasion (+4).
   Stlth:     It makes you more stealthy.
 U - the +9 heavy crossbow "Sniper" {vorpal, Acc+∞ SInv}
   (You found it on level 5 of a ziggurat)

   Any ammunition fired from it inflicts extra damage upon your enemies.
   Any ammunition fired from it never misses its target.
   SInv:      It lets you see invisible.
Missiles
 S - 16 curare-tipped darts (quivered)
Armour
 r - the +3 warlock's mirror (worn) {reflect}
   (You acquired it on level 4 of the Dungeon)

   It can block and reflect piercing ranged attacks and magical attacks against
   the wielder's willpower.
 s - an orb of light
 t - the +2 pair of gloves of the Untouchables (worn) {rC+}
   (You found it on level 5 of the Pits of Slime)

   rC:        It protects you from cold.
 F - a +2 hat of see invisible (worn)
 I - a +2 pair of boots of stealth (worn)
 P - a +2 cloak of poison resistance (worn)
 V - the +3 leather armour "Duwu Tech" (worn) {Contam rF+++ rC++ Dex+3}
   (You found it on level 1 of the Lair of Beasts)

   Dex:       It affects your dexterity (+3).
   rF:        It renders you almost immune to fire.
   rC:        It greatly protects you from cold.
   Contam:    It causes magical contamination when unequipped.
Magical Staves
 e - a staff of earth (weapon)
 f - a staff of fire
Jewellery
 g - a ring of flight
 m - the amulet of Zurir (around neck) {RegenMP +Inv rElec rC+}
   (You acquired it on level 3 of the Dungeon)

   [amulet of magic regeneration]

   It increases your rate of magic regeneration.
   rC:        It protects you from cold.
   rElec:     It insulates you from electricity.
   +Inv:      It lets you turn invisible.
 z - the ring "Zeadd" (right hand) {rN+ Will++ Str+3 Int+2}
   (You found it on level 1 of the Abyss)

   [ring of positive energy]

   Str:       It affects your strength (+3).
   Int:       It affects your intelligence (+2).
   rN:        It protects you from negative energy.
   Will:      It greatly increases your willpower.
 C - a ring of magical power (left hand)
 G - the amulet of the Four Winds {rN+ Will+++ Clar}
   (You found it on level 4 of a ziggurat)

   [amulet of nothing]

   rN:        It protects you from negative energy.
   Clar:      It protects you against confusion.
   Will:      It greatly increases your willpower.
Wands
 j - a wand of digging (23)
 J - a wand of paralysis (2)
 N - a wand of iceblast (86)
 Q - a wand of acid (7)
 Z - a wand of mindburst (26)
Scrolls
 b - 17 scrolls of fog
 h - 4 scrolls of magic mapping
 o - 2 scrolls of enchant armour
 p - 5 scrolls of fear
 y - 5 scrolls of blinking
 B - 3 scrolls of amnesia
 E - 39 scrolls of identify
 K - 11 scrolls of teleportation
 L - 3 scrolls of silence
 X - 4 scrolls of summoning
Potions
 i - 9 potions of brilliance
 k - a potion of invisibility
 l - a potion of cancellation
 n - 9 potions of mutation
 q - 22 potions of curing
 u - 7 potions of resistance
 v - 18 potions of flight
 A - 2 potions of magic
 D - 9 potions of might
 O - 9 potions of attraction
 R - 5 potions of heal wounds
 W - 8 potions of ambrosia
Miscellaneous
 w - a condenser vane
 x - a lightning rod (4/4)
 M - a phantom mirror
 T - a box of beasts
 Y - a tin of tremorstones (2/2)


   Skills:
 - Level 19.2 Fighting
 - Level 4.0(8.5) Short Blades
 - Level 11.6(11.9) Long Blades
 + Level 14.0 Armour
 - Level 11.7 Dodging
 - Level 11.5 Stealth
 - Level 14.3 Shields
 - Level 15.0 Spellcasting
 + Level 19.2 Conjurations
 + Level 11.8 Summonings
 - Level 7.1 Necromancy
 - Level 2.0 Translocations
 + Level 22.0 Fire Magic
 + Level 22.3 Earth Magic
 - Level 8.2 Evocations


You had 2 spell levels left.
You knew the following spells:

 Your Spells              Type           Power      Damage    Failure   Level
a - Iron Shot             Conj/Erth      63%        9d12      0%          6
b - Fireball              Conj/Fire      51%        3d20      0%          5
c - Lehudib's Crystal Sp  Conj/Erth      63%        10d15     1%          8
d - Animate Dead          Necr           32%        N/A       1%          4
g - Borgnjor's Vile Clut  Necr/Erth      55%        N/A       1%          5
i - Ignition              Fire           53%        3d15      1%          8
q - Blink                 Tloc           76%        N/A       1%          2
s - Spellforged Servitor  Conj/Summ      45%        N/A       1%          7
x - Shatter               Erth           65%        3d48*     9%          9

Your spell library contained the following spells:

 Spells                   Type           Power      Damage    Failure   Level
 Foxfire                  Conj/Fire      100%       2x1d9     0%          1
 Magic Dart               Conj           100%       1d8       0%          1
 Sandblast                Erth           100%       2d20      0%          1
 Summon Small Mammal      Summ           100%       N/A       0%          1
 Call Imp                 Summ           80%        N/A       0%          2
 Passwall                 Tmut/Erth      82%        N/A       0%          2
 Scorch                   Fire           100%       2d10      0%          2
 Static Discharge         Conj/Air       73%        N/A       0%          2
 Animate Skeleton         Necr           100%       N/A       1%          1
 Freeze                   Ice            96%        1d11      1%          1
 Pain                     Necr           100%       1d9       1%          1
 Corpse Rot               Necr/Air       96%        N/A       1%          2
 Ensorcelled Hibernation  Hex/Ice        48%        N/A       1%          2
 Sublimation of Blood     Necr           64%        N/A       1%          2
 Call Canine Familiar     Summ           80%        N/A       0%          3
 Conjure Flame            Conj/Fire      100%       6-21      0%          3
 Inner Flame              Hex/Fire       78%        N/A       0%          3
 Stone Arrow              Conj/Erth      100%       3d13      0%          3
 Animate Armour           Summ/Erth      100%       N/A       0%          4
 Flame Wave               Conj/Fire      100%       2d14      0%          4
 Sticky Flame             Conj/Fire      100%       2d11      0%          4
 Iskenderun's Battlesphe  Conj           100%       2d15      0%          5
 Lee's Rapid Deconstruct  Erth           65%        3d31*     0%          5
 Starburst                Conj/Fire      51%        6d14      0%          6
 Dazzling Flash           Conj/Hex       100%       N/A       1%          3
 Gell's Gravitas          Tloc           38%        N/A       1%          3
 Ignite Poison            Fire/Tmut/Pois 65%        N/A       1%          3
 Lesser Beckoning         Tloc           38%        N/A       1%          3
 Mephitic Cloud           Conj/Pois/Air  61%        N/A       1%          3
 Summon Guardian Golem    Hex/Summ       59%        N/A       1%          3
 Vampiric Draining        Necr           64%        2d10      1%          3
 Dispel Undead            Necr           64%        3d22      1%          4
 Hailstorm                Conj/Ice       73%        3d15      1%          4
 Iskenderun's Mystic Bla  Conj/Tloc      76%        2d15      1%          4
 Leda's Liquefaction      Hex/Erth       49%        N/A       1%          4
 Petrify                  Tmut/Erth      99%        N/A       1%          4
 Summon Lightning Spire   Summ/Air       59%        N/A       1%          4
 Agony                    Necr           64%        N/A       1%          5
 Freezing Cloud           Conj/Ice/Air   30%        6-21      1%          5
 Irradiate                Conj/Tmut      36%        3d25      1%          5
 Lightning Bolt           Conj/Air       36%        1d54      1%          5
 Summon Forest            Summ/Tloc      31%        N/A       1%          5
 Summon Mana Viper        Hex/Summ       59%        N/A       1%          5
 Statue Form              Tmut/Erth      66%        N/A       1%          6
 Summon Cactus Giant      Summ           40%        N/A       1%          6
 Confusing Touch          Hex            24%        N/A       2%          3
 Frozen Ramparts          Ice            48%        1d6       2%          3
 Ozocubu's Armour         Ice            24%        N/A       2%          3
 Tukima's Dance           Hex            24%        N/A       2%          3
 Conjure Ball Lightning   Conj/Air       36%        3x3d12    2%          6
 Passage of Golubria      Tloc           38%        N/A       3%          4
 Summon Hydra             Summ           40%        N/A       4%          7
 Death Channel            Necr           32%        N/A       7%          6
 Airstrike                Air            12%        N/A       8%          4
 Cause Fear               Hex            12%        N/A       8%          4
 Olgreb's Toxic Radiance  Pois           24%        N/A       8%          4
 Manifold Assault         Tloc           38%        N/A       10%         5
 Alistair's Intoxication  Tmut/Pois      16%        N/A       22%         5
 Blade Hands              Tmut           12%        N/A       22%         5
 Metabolic Englaciation   Hex/Ice        12%        N/A       22%         5
 Silence                  Hex/Air        12%        N/A       22%         5
 Yara's Violent Unravell  Hex/Tmut       12%        3d7       22%         5
 Simulacrum               Ice/Necr       24%        N/A       30%         6
 Malign Gateway           Summ/Tloc      31%        N/A       38%         7
 Summon Horrible Things   Summ           40%        N/A       41%         8
 Eringya's Noxious Bog    Tmut/Pois      12%        N/A       80%         6
 Borgnjor's Revivificati  Necr           32%        N/A       97%         8
 Infestation              Necr           32%        N/A       97%         8
 Dragon Form              Tmut           12%        N/A       100%        7
 Enfeeble                 Hex            12%        N/A       100%        7
 Ozocubu's Refrigeration  Ice            12%        4d7       100%        7
 Storm Form               Tmut/Air       12%        N/A       100%        7
 Discord                  Hex            12%        N/A       100%        8
 Disjunction              Tloc           19%        N/A       100%        8
 Death's Door             Necr           32%        N/A       100%        9
 Dragon's Call            Summ           40%        N/A       100%        9


Dungeon Overview and Level Annotations

Branches:
Dungeon (15/15)            Temple (0/1) D:6            Lair (6/6) D:9
  Swamp (4/4) Lair:2        Snake (4/4) Lair:4        Slime (5/5) Lair:5
    Orc (2/2) D:12            Elf (3/3) Orc:2        Vaults (5/5) D:14
  Crypt (3/3) Vaults:2       Tomb (0/3) Crypt:3      Depths (4/4) D:15
    Zot (5/5) Depths:4      Sewer (visited)           IceCv (visited)
 WizLab (visited)

Shops:
D:7 *   D:9 *   Orc:1 (   Orc:2 ?:(*   Elf:2 (   Snake:3 ([   Vaults:1 (
Vaults:2 (   Vaults:3 (*[?   Vaults:5 *   Depths:1 :*   Depths:2 =:::
Depths:3 *(:

Portals:
Hell: Depths:1 Depths:2 Depths:3 Depths:4
Abyss: Depths:3
Pandemonium: Depths:2


Innate Abilities, Weirdness & Mutations

You have an increased reservoir of magic. (+10% MP)
You shall have no god before yourself.
Your divine heritage dramatically boosts your attributes as you level up.
You have a pair of small horns on your head.
Your flesh is heat resistant. (rF+)
You are frail. (-10% HP)
Your natural rate of healing is unusually fast.
You are weak. (Str -2)
Your spells are a little easier to cast, but a little less powerful.


Message History

Your +3 warlock's mirror {reflect} reflects the bolt of lightning!
The bolt of lightning hits the blizzard demon.
The blizzard demon completely resists.
You climb upwards.
There is a stone staircase leading down, spattered with blood here.
There is a stone staircase leading up here.
You climb upwards.
There is a stone staircase leading down here.
You feel yourself speed up.
There is a stone staircase leading up here.
You climb upwards.
There is a stone staircase leading down here.
There is a stone staircase leading up here.
You climb upwards.
There is a stone staircase leading down here.
You see here a +0 club.
There is a stone staircase leading up here.
You climb upwards.
There is a stone staircase leading down here.
An Orb Guardian comes into view.
There is a stone staircase leading down here.
Casting: Shatter (dangerous; 9% risk of failure)
Confirm with . or Enter, or press ? or * to list all spells.
Aiming: Lehudib's Crystal Spear (mildly dangerous; 1% risk of failure)
Press: ? - help, Shift-Dir - straight line, f - Orb Guardian
Aim: an Orb Guardian (wandering, hasn't noticed you, 78% to hit)
You feel a surge of power!
The crystal spear hits the Orb Guardian!!!!
The Orb Guardian is almost dead.
Casting: Lehudib's Crystal Spear (mildly dangerous; 1% risk of failure)
Confirm with . or Enter, or press ? or * to list all spells.
Aiming: Lehudib's Crystal Spear (mildly dangerous; 1% risk of failure)
Press: ? - help, Shift-Dir - straight line, f/p - Orb Guardian
Aim: an Orb Guardian (almost dead, 78% to hit)
You feel a surge of power!
The crystal spear hits the Orb Guardian!!!
You kill the Orb Guardian!
Your extra speed is starting to run out.
There is a staircase leading out of the dungeon here.
You have escaped!

### ####### ##.# #.....# #..#
#.....# #..# ### #...).#
#..######## #.# #.....#
#..##.....####.#
#.....####..#.P...P.##..# ####
..................[.....######...
......###.......@................
......# #.............#.######...
......###..#..P...P.....# ##...
#.......................## #...#
###.#.....##.............# ##.###
..#.###.....#######....#.###..#
#...........#.....#.......##.###
##.###.....#......#....#.......##
#.# ##....#.###'##....##.#.....#
#.# #....#.#_...#...........###
#.# #.#.#..######....##...#####


There were no monsters in sight!

Vanquished Creatures
  2 pandemonium lords
  the Royal Jelly (Slime:5)
  3 dread liches
  3 orbs of fire
  7 ancient liches
  A juggernaut (Zig:7)
  A royal mummy (Zig:10)
  Sojobo (Vaults:3)
  The ghost of Caitwiop the Warrior, a veteran GrFi of the Shining One (Crypt:1)
  4 Killer Klowns
  5 caustic shrikes
  A profane servitor (Abyss:2)
  8 golden dragons
  Nikola (Elf:2)
  7 bone dragons
  17 tentacled monstrosities
  A hellephant (Abyss:1)
  3 electric golems
  Rupert (Snake:1)
  A Hell Sentinel (Zot:5)
  10 liches
  3 deep elf blademasters
  The ghost of Vohiat the Ignorant, an adept DsIE of Sif Muna (Elf:1)
  22 Orb Guardians
  Mlioglotl (Snake:1)
  A titan (Vaults:5)
  Asterion (Elf:2)
  21 acid blobs
  4 quicksilver dragons
  17 tentacled starspawn
  A deep elf master archer (Elf:3)
  An Executioner (Abyss:1)
  5 ancient champions
  5 death cobs
  2 thorn hunters
  Agnes (Elf:2)
  13 tengu reavers
  7 shadow dragons
  4 sphinxes
  Kirke (Snake:4)
  19 storm dragons
  The ghost of Silenceoftheyaks the Devastator, an adept DsNe of Vehumet (D:15)
  A revenant (Crypt:1)
  7 fire giants
  4 nagarajas
  A fenstrider witch (Swamp:3)
  14 azure jellies
  6 ghost moths
  8 frost giants
  A daeva (Abyss:1)
  23 rockslimes
  9 draconian monks
  An iron dragon (Depths:3)
  7 draconian knights
  18 vault wardens
  3 orc warlords
  A curse skull (Crypt:1)
  2 balrugs
  Aizul (Snake:4)
  12 deep elf sorcerers
  9 draconian scorchers
  4 deep elf elementalists (Elf:3)
  4 draconian annihilators
  2 ghouls (Crypt:1)
  15 ironbound preservers
  5 draconian stormcallers
  A demonspawn corrupter (D:10)
  9 draconian shifters
  A caustic shrike zombie (Abyss:2)
  A reaper (Crypt:2)
  A juggernaut zombie (Crypt:3)
  16 quicksilver oozes
  6 war gargoyles
  32 very ugly things
  5 deep elf demonologists
  A lorocyproca (Abyss:2)
  Nessos (D:14)
  7 purple draconians
  10 stone giants
  8 black draconians
  3 demonspawn black suns (Zot:1)
  10 deep elf annihilators
  8 green draconians
  5 vampire knights
  3 entropy weavers
  A bunyip (Swamp:3)
  13 red draconians
  A spark wasp (Depths:4)
  11 white draconians
  12 dire elephants
  Azrael (Snake:3)
  6 yellow draconians
  9 ettins
  6 eidola
  7 crystal guardians
  2 mummy priests (Zig:10)
  A blizzard demon (Depths:2)
  2 green deaths (Swamp:4)
  A quicksilver dragon zombie (Crypt:3)
  7 deep elf high priests
  9 deep elf death magi
  A shambling mangrove (Swamp:4)
  11 jiangshi
  7 fire dragons
  9 salamander tyrants
  4 rakshasas
  9 naga warriors
  6 peacekeepers
  2 spriggan zombies
  9 yaktaur captains
  37 vault guards
  Harold (D:9)
  Erolcha (D:12)
  14 ironbound thunderhulks
  5 spriggan skeletons
  16 anacondas
  4 caustic shrike simulacra (IceCv)
  A hell beast (Depths:2)
  10 centaur warriors
  11 great orbs of eyes
  9 ice dragons
  5 boulder beetles
  26 hydras
  8 ironbound frosthearts
  6 death knights
  Erica (D:8)
  An ogre mage (Vaults:2)
  4 spriggan air magi
  12 alligators
  6 death yaks (Lair:5)
  27 dancing weapons
  6 two-headed ogres
  6 deep troll earth magi
  4 deep troll shamans
  A hell hog (Abyss:1)
  5 vampire magi
  11 spriggan berserkers
  The ghost of fly the Protected, a novice FoDe (D:8)
  A death scarab (Zig:10)
  13 thrashing horrors
  Urug (D:14)
  8 tengu warriors
  6 shock serpents
  Sonja (D:10)
  A soul eater (Crypt:1)
  11 naga sharpshooters
  3 sun demons
  6 hell knights (Crypt:3)
  6 wretched stars
  22 deep elf knights
  2 titan skeletons
  50 deep trolls
  2 shadow wraiths
  3 sixfirhies (Abyss:1)
  9 iron trolls
  3 flayed ghosts
  2 salamander mystics (Snake:4)
  6 goliath frogs
  24 starcursed masses
  A spatial maelstrom (Abyss:1)
  5 sea snakes (Snake:4)
  40 skeletal warriors
  4 spriggan druids
  An iron giant zombie (Crypt:3)
  A golden dragon skeleton (Zig:10)
  13 lindwurms
  4 naga ritualists
  11 bog bodies
  7 swamp dragons
  An anaconda skeleton (Abyss:1)
  3 glowing orange brains
  3 obsidian statues
  10 phantasmal warriors
  2 orange crystal statues
  12 deep elf archers
  A harpy (shapeshifter) (Vaults:5)
  A shadow demon (Zot:3)
  11 necromancers
  15 orc knights
  22 ironbound convokers
  9 mana vipers
  2 wolf spiders
  11 wizards
  30 deep elf zephyrmancers
  5 orc sorcerers
  31 deep elf pyromancers
  3 shining eyes
  A faun (shapeshifter) (Vaults:5)
  55 ugly things
  2 will-o-the-wisps
  3 iron dragon skeletons
  A stone giant zombie (Crypt:1)
  2 oklob plants
  5 worldbinders
  A sphinx skeleton (Zig:10)
  16 moths of wrath
  13 salamanders
  3 manticores
  5 cyclopes
  Maurice (D:8)
  A stone giant skeleton (Crypt:1)
  5 orange demons
  22 naga magi
  17 elephants
  12 vault sentinels
  10 torpor snails
  31 black mambas
  3 ice statues (Zig:9)
  A torpor snail (shapeshifter) (Vaults:5)
  11 guardian serpents
  10 gargoyles (WizLab)
  An eye of devastation (Slime:3)
  4 apocalypse crabs
  A yaktaur zombie (Vaults:1)
  17 cane toads
  10 smoke demons
  3 molten gargoyles (WizLab)
  Maggie (D:7)
  7 komodo dragons
  An unseen horror (D:12)
  6 rime drakes
  26 freezing wraiths
  A demonic crawler (Abyss:1)
  4 efreet
  An ice devil (IceCv)
  A yaktaur (shapeshifter) (D:15)
  4 anaconda simulacra (IceCv)
  A tormentor (Abyss:1)
  A bunyip simulacrum (Crypt:1)
  3 tengu conjurers
  6 hellwings (Abyss:1)
  A golden dragon simulacrum (IceCv)
  32 yaktaurs
  3 ancient zymes
  A bloated husk (Swamp:4)
  A minotaur skeleton (Crypt:1)
  3 meliai (D:15)
  An entropy weaver simulacrum (IceCv)
  3 harpy zombies
  A hydra zombie (Crypt:1)
  8 trolls
  2 jumping spiders
  3 harpy skeletons
  7 guardian mummies
  15 blink frogs
  2 tarantellas (Zig:9)
  2 wind drakes (shapeshifter)
  17 hornets
  2 polar bears (Lair:6)
  11 tyrant leeches
  28 raiju
  2 fire dragon zombies (Crypt:3)
  A hornet (shapeshifter) (Elf:3)
  19 large abominations
  153 slime creatures
  A black mamba zombie (Abyss:1)
  4 redbacks
  An ettin zombie (Crypt:3)
  39 flying skulls
  4 air elementals
  7 water elementals
  An ice dragon skeleton (Abyss:1)
  6 spriggans
  4 shadows
  An ushabti (Zig:10)
  4 vampires
  12 ynoxinuls
  3 fire elementals
  3 wyverns
  4 dire elephant simulacra (IceCv)
  An ettin skeleton (Crypt:3)
  16 wraiths
  Grum (D:10)
  50 yaks
  2 fire bats (Abyss:3)
  A spriggan simulacrum (IceCv)
  4 basilisks
  A wind drake skeleton (Crypt:2)
  3 golden eyes
  2 hogs (Snake:4)
  16 humans (D:14)
  A black mamba skeleton (Crypt:1)
  A minotaur simulacrum (IceCv)
  5 steam dragons
  4 spatial vortices (Abyss:1)
  5 neqoxecs
  4 chaos spawn
  12 vampire mosquitoes
  A faun zombie (Crypt:2)
  8 wargs
  3 harpy simulacra
  2 naga zombies
  14 swamp worms
  38 nagas
  An acid dragon (D:12)
  3 hell hounds (Snake:3)
  2 floating eyes
  A naga skeleton (Abyss:2)
  21 water moccasins
  A nameless horror (Zot:5)
  2 swamp drakes (Lair:6)
  A faun skeleton (Crypt:1)
  36 orc warriors
  6 black bears
  An elephant zombie (Crypt:2)
  3 ice beasts
  5 alligator simulacra (IceCv)
  2 ettin simulacra (IceCv)
  5 necrophages
  3 sky beasts
  A swamp dragon zombie (Crypt:1)
  11 centaurs
  11 boggarts
  A blink frog zombie (Crypt:1)
  3 ogres
  The ghost of mrsnowman the Caller, an amateur DsSu (D:3)
  15 wolves
  A blink frog skeleton (Crypt:1)
  18 small abominations
  A salamander zombie (Crypt:2)
  2 kobold brigands
  2 scorpions
  4 gnoll sergeants
  8 bullfrogs
  2 deep troll simulacra (IceCv)
  A wyvern zombie (D:8)
  7 earth elementals
  A water moccasin skeleton (D:5)
  A water moccasin zombie (D:6)
  A cyclops skeleton (Crypt:1)
  A polar bear zombie (Crypt:2)
  2 lindwurm simulacra (IceCv)
  8 wights
  6 electric eels
  2 howler monkeys (D:6)
  A raiju skeleton (Crypt:2)
  2 crimson imps
  3 quasits (Abyss:1)
  5 centaur zombies
  2 jellies
  4 hounds
  A jelly (shapeshifter) (Vaults:2)
  A basilisk zombie (Crypt:1)
  A gnoll shaman (D:7)
  4 centaur skeletons
  13 orc priests
  2 iron imps (Abyss:1)
  A scorpion zombie (D:5)
  5 iguanas
  5 orc wizards
  2 lightning spires (WizLab)
  3 killer bee zombies
  An acid dragon skeleton (Crypt:2)
  A hound skeleton (D:5)
  7 mummies
  Robin (D:2)
  28 gnolls
  A howler monkey skeleton (D:3)
  11 adders
  7 white imps
  7 ufetubi
  An adder skeleton (D:4)
  A worm (D:2)
  65 orcs
  4 ball pythons
  9 bats
  5 endoplasms
  3 giant cockroaches
  20 goblins
  6 hobgoblins
  6 jackals
  5 quokkas
  4 frilled lizards
  A goblin zombie (Crypt:1)
  14 kobolds
  6 rats
  A butterfly (D:6)
  11 starspawn tentacles
2743 creatures vanquished.

Vanquished Creatures (collateral kills)
  3 orbs of fire
  3 Killer Klowns (Zot:5)
  2 golden dragons (Zot:3)
  A tentacled monstrosity (Vaults:5)
  6 Orb Guardians
  A death cob (Zot:3)
  3 storm dragons
  2 shadow dragons
  A draconian monk (Zot:5)
  A draconian knight (Zot:3)
  A vault warden (Vaults:5)
  An emperor scorpion (Zig:9)
  A draconian scorcher (Zot:3)
  A frost giant (Vaults:5)
  3 very ugly things (Vaults:5)
  An ophan (Abyss:1)
  A purple draconian (Zot:4)
  2 black draconians (Zot:3)
  2 spark wasps (Depths:4)
  A red draconian (Zot:3)
  A white draconian (Zot:5)
  3 yellow draconians
  An ettin (Vaults:5)
  2 yaktaur captains (Vaults:5)
  A deep troll earth mage (Vaults:5)
  A thrashing horror (Abyss:1)
  A sun demon (Depths:3)
  A salamander mystic (Snake:1)
  A storm dragon skeleton (Abyss:1)
  A shadow demon (D:10)
  An orb spider (Zig:9)
  An orc knight (Vaults:5)
  A wolf spider (Zig:9)
  An ugly thing (D:15)
  A will-o-the-wisp (Abyss:1)
  A worldbinder (Abyss:1)
  A moth of wrath (Zot:3)
  An elephant (Zig:2)
  A rust devil (D:10)
  2 smoke demons (Abyss:1)
  A black mamba (Snake:1)
  A torpor snail (Zig:9)
  2 yaktaurs
  A freezing wraith (Vaults:5)
  A hellwing (Abyss:1)
  2 meliai (Zig:9)
  5 raiju (Abyss:1)
  3 large abominations (Abyss:1)
  A starcursed mass (Abyss:1)
  A wraith (Abyss:1)
  An ettin skeleton (Abyss:1)
  3 golden eyes
  A chaos spawn (Abyss:1)
  A spatial vortex (Abyss:1)
  An orc priest (Orc:2)
  An iguana (D:5)
  A mummy (Zig:10)
  An ufetubus (Abyss:1)
  5 orcs
94 creatures vanquished.

Vanquished Creatures (others)
  A draconian shifter (Zot:2)
  2 deep elf high priests (Elf:3)
  A vault guard (Vaults:5)
  A deep elf knight (Elf:1)
  A deep elf archer (Elf:2)
  A gargoyle (WizLab)
  A bloated husk (Swamp:2)
  A raiju (Abyss:2)
  2 golden eyes (Abyss:2)
  A harpy simulacrum (Abyss:1)
  2 swamp worms
  3 ball lightnings (Elf:1)
  6 bushes
  5 demonic plants
  73 foxfires
  46 fungi
  A lurking horror (Abyss:1)
  186 plants
  16 starspawn tentacles
  15 toadstools (D:10)
365 creatures vanquished.

Grand Total: 3202 creatures vanquished

Notes
Turn   | Place    | Note
-------+----------+-------------------------------------------
     0 | D:1      | Gather the Demigod Fire Elementalist began the quest for
                  | the Orb.
     0 | D:1      | Reached XP level 1. HP: 14/14 MP: 5/5
   338 | D:1      | Reached XP level 2. HP: 20/20 MP: 1/7
   611 | D:1      | Learned a level 2 spell: Scorch
  1030 | D:2      | Noticed Robin
  1046 | D:3      | Reached XP level 3. HP: 19/26 MP: 1/8
  2140 | D:2      | Reached XP level 4. HP: 27/33 MP: 4/9
  2251 | D:2      | Learned a level 3 spell: Conjure Flame
  2804 | D:2      | Killed Robin
  2805 | D:2      | Reached skill level 5 in Fire Magic
  2891 | D:3      | Found a transporter.
  3191 | D:3      | Found a transporter.
  3243 | D:3      | Identified the +8 spear of Spontaneous Combustion {venom,
                  | rPois}
  3243 | D:3      | Identified the +2 buckler of Contentment {+Inv Str+4 Dex+3}
  3243 | D:3      | Noticed a gnoll sergeant
  3540 | D:3      | Identified 2 scrolls of acquirement
  3540 | D:3      | Acquired a staff of fire
  3542 | D:3      | Acquired the amulet of Zurir {RegenMP +Inv rElec rC+}
  3599 | D:3      | Noticed mrsnowman's ghost (amateur DsSu)
  3698 | D:4      | Reached XP level 5. HP: 39/39 MP: 5/10
  3818 | D:4      | Acquired the +3 warlock's mirror {reflect}
  3818 | D:4      | Found the +3 warlock's mirror {reflect}
  4018 | D:4      | Noticed a black bear
  4028 | D:4      | Killed a black bear
  4387 | D:4      | Reached XP level 6. HP: 43/46 MP: 2/11
  4859 | D:5      | Entered Level 5 of the Dungeon
  4909 | D:5      | Reached skill level 1 in Fighting
  4909 | D:5      | Reached skill level 1 in Armour
  4923 | D:5      | Found a glowing drain.
  4936 | D:5      | Reached skill level 1 in Short Blades
  5031 | Sewer    | Entered a sewer
  5297 | Sewer    | Acquired a +2 cloak of stealth
  5464 | D:5      | Reached XP level 7. HP: 42/52 MP: 11/13
  5544 | D:5      | Identified the +1 leather armour of the Devil's Advocate
                  | {Harm +Inv}
  5848 | D:4      | Learned a level 4 spell: Flame Wave
  6780 | D:6      | Found a staircase to the Ecumenical Temple.
  6879 | D:6      | Reached XP level 8. HP: 59/59 MP: 1/14
  7461 | D:7      | Noticed Maggie
  7633 | D:7      | Found Herucs's General Store.
  7643 | D:7      | Bought a scroll of identify for 26 gold pieces
  7643 | D:7      | Bought a scroll of identify for 26 gold pieces
  7920 | D:7      | Killed Maggie
  7921 | D:7      | Reached skill level 10 in Fire Magic
  8152 | D:7      | Upgraded the game from 0.28-a0-664-gc179e30c89 to
                  | 0.28-a0-667-g162e43154e
  8182 | D:7      | Reached XP level 9. HP: 64/64 MP: 15/15
  8613 | D:8      | Found a runed translucent door.
  8613 | D:8      | Noticed fly's ghost (novice FoDe)
  8679 | D:8      | Noticed Erica
  8691 | D:8      | Killed Erica
  8698 | D:8      | Learned a level 2 spell: Blink
  8917 | D:8      | Noticed Maurice
  8928 | D:8      | Killed Maurice
  9311 | D:9      | Reached skill level 1 in Evocations
  9447 | D:9      | Reached skill level 1 in Translocations
  9492 | D:9      | Noticed Harold
  9499 | D:9      | Killed Harold
  9500 | D:9      | Reached skill level 5 in Spellcasting
  9500 | D:9      | Reached XP level 10. HP: 45/73 MP: 18/21
  9661 | D:9      | Found Reuso's Neck Hole.
 10023 | D:9      | Found a staircase to the Lair.
 10226 | D:10     | Entered Level 10 of the Dungeon
 10283 | D:10     | Found a portal to a secret trove of treasure.
 10384 | D:10     | Noticed Grum
 10396 | D:10     | Killed Grum
 10726 | D:10     | Noticed an obsidian statue
 10726 | D:10     | Noticed an orange crystal statue
 10796 | D:10     | Noticed Sonja
 10804 | D:10     | Killed Sonja
 10993 | D:10     | Noticed an oklob plant
 11046 | D:10     | Noticed a two-headed ogre
 11055 | D:10     | Killed a two-headed ogre
 11124 | D:10     | Upgraded the game from 0.28-a0-667-g162e43154e to
                  | 0.28-a0-677-g3278d6a771
 11714 | D:11     | Noticed an eight-headed hydra
 11754 | D:11     | Killed an eight-headed hydra
 11755 | D:11     | Reached XP level 11. HP: 59/82 MP: 22/23
 11932 | D:11     | Found Bouchuit's Magic Scroll Emporium.
 11972 | D:11     | Noticed a tengu warrior
 12017 | D:11     | Killed a tengu warrior
 12517 | D:11     | Identified the +10 whip "Oruqi" {drain, rN++ rCorr}
 12846 | Lair:1   | Entered Level 1 of the Lair of Beasts
 12996 | Lair:1   | Reached skill level 5 in Stealth
 13079 | Lair:1   | Identified the +3 leather armour "Duwu Tech" {Contam rF+++
                  | rC++ Dex+3}
 13122 | Lair:1   | You fall into a shaft and drop 1 floor!
 13966 | Lair:2   | Reached skill level 5 in Dodging
 14152 | Lair:2   | Reached skill level 5 in Shields
 14211 | Lair:2   | Noticed an eight-headed hydra
 14225 | Lair:2   | Killed an eight-headed hydra
 14226 | Lair:2   | Reached skill level 5 in Armour
 14696 | Lair:2   | Upgraded the game from 0.28-a0-677-g3278d6a771 to
                  | 0.28-a0-684-g30a9fa1a03
 15088 | Lair:2   | Noticed a bog body
 15094 | Lair:2   | Killed a bog body
 15095 | Lair:2   | Reached skill level 5 in Fighting
 15170 | Lair:2   | Found a staircase to the Swamp.
 15202 | Lair:2   | Reached XP level 12. HP: 87/94 MP: 26/26
 15696 | Lair:3   | Reached skill level 5 in Evocations
 15880 | Lair:3   | Upgraded the game from 0.28-a0-684-g30a9fa1a03 to
                  | 0.28-a0-689-ga55568f2eb
 16127 | Lair:3   | Upgraded the game from 0.28-a0-689-ga55568f2eb to
                  | 0.28-a0-695-gff097466f2
 16509 | Lair:4   | Learned a level 5 spell: Borgnjor's Vile Clutch
 16569 | Lair:4   | Reached skill level 1 in Necromancy
 16569 | Lair:4   | Reached skill level 1 in Earth Magic
 16650 | Lair:4   | Noticed a five-headed hydra
 16664 | Lair:4   | Found a staircase to the Snake Pit.
 16838 | Lair:4   | Learned a level 6 spell: Starburst
 16861 | Lair:4   | Noticed a four-headed hydra
 16877 | Lair:4   | Killed a four-headed hydra
 16878 | Lair:4   | Reached skill level 1 in Conjurations
 16998 | Lair:4   | Killed a five-headed hydra
 17783 | Lair:4   | Upgraded the game from 0.28-a0-695-gff097466f2 to
                  | 0.28-a0-723-g095bd1b44f
 18106 | Lair:5   | Reached skill level 5 in Conjurations
 18446 | Lair:5   | Noticed a five-headed hydra
 18595 | Lair:5   | Found a staircase to the Slime Pits.
 18675 | Lair:5   | Reached XP level 13. HP: 101/101 MP: 21/27
 18830 | Lair:5   | Upgraded the game from 0.28-a0-723-g095bd1b44f to
                  | 0.28-a0-724-g66f9036eb4
 20037 | Lair:6   | Entered Level 6 of the Lair of Beasts
 20053 | Lair:6   | Reached skill level 5 in Earth Magic
 20054 | Lair:6   | Reached skill level 5 in Necromancy
 22262 | Lair:6   | Upgraded the game from 0.28-a0-724-g66f9036eb4 to
                  | 0.28-a0-850-g09de17f5b5
 22832 | Lair:6   | Reached XP level 14. HP: 107/107 MP: 21/28
 23505 | Lair:6   | Found a runed translucent door.
 23533 | Lair:6   | Upgraded the game from 0.28-a0-850-g09de17f5b5 to
                  | 0.28-a0-863-g8cecda6153
 24009 | Lair:6   | Upgraded the game from 0.28-a0-863-g8cecda6153 to
                  | 0.28-a0-925-gd5e1996cdb
 24631 | D:12     | Learned a level 4 spell: Animate Dead
 24883 | D:12     | Found a staircase to the Orcish Mines.
 24932 | D:12     | You fall into a shaft and drop 3 floors!
 24932 | D:15     | Entered Level 15 of the Dungeon
 25174 | D:14     | Noticed Urug
 25187 | D:14     | Noticed Nessos
 25195 | D:14     | Killed Nessos
 25198 | D:14     | Killed Urug
 25247 | D:14     | Found a gate to the Vaults.
 26052 | Orc:1    | Entered Level 1 of the Orcish Mines
 26117 | Orc:1    | Noticed Erolcha
 26129 | D:12     | Killed Erolcha
 26241 | Orc:1    | Found Hoonuil's Antique Weapon Shoppe.
 26820 | Orc:2    | Entered Level 2 of the Orcish Mines
 26852 | Orc:2    | Found a staircase to the Elven Halls.
 27014 | Orc:2    | Reached skill level 10 in Conjurations
 27503 | Orc:2    | Found Suahuzem's Book Shop.
 27503 | Orc:2    | Found Nokual's Magic Scroll Emporium.
 27508 | Orc:2    | Upgraded the game from 0.28-a0-925-gd5e1996cdb to
                  | 0.28-a0-932-g843f935a50
 27517 | Orc:2    | Bought a scroll of fog for 24 gold pieces
 27791 | Orc:2    | Found Jula Ipo's General Store.
 27793 | Orc:2    | Found Wixax's Antique Weapon Emporium.
 27905 | Orc:2    | Bought 2 potions of heal wounds for 160 gold pieces
 28121 | Orc:2    | Bought a book of Iron for 576 gold pieces
 28152 | Orc:2    | Bought a scroll of teleportation for 36 gold pieces
 28152 | Orc:2    | Bought a scroll of summoning for 114 gold pieces
 28152 | Orc:2    | Bought a scroll of teleportation for 36 gold pieces
 28345 | D:7      | Bought a scroll of amnesia for 45 gold pieces
 28610 | D:12     | Learned a level 6 spell: Iron Shot
 29621 | D:13     | Reached XP level 15. HP: 104/117 MP: 19/30
 31088 | D:15     | Reached skill level 10 in Earth Magic
 31496 | D:15     | Found a transporter.
 31721 | D:3      | Killed mrsnowman's ghost
 31982 | D:8      | Killed fly's ghost
 32293 | D:15     | Found a staircase to the Depths.
 32340 | D:15     | Noticed a storm dragon
 32340 | D:15     | Noticed Silenceoftheyaks's ghost (adept DsNe)
 32341 | D:15     | Found a transporter.
 32358 | D:15     | Reached skill level 1 in Long Blades
 32903 | D:15     | Upgraded the game from 0.28-a0-932-g843f935a50 to
                  | 0.28-a0-938-gbc3f381ebc
 33035 | D:9      | Bought a +2 cloak of poison resistance for 203 gold pieces
 33195 | Snake:1  | Entered Level 1 of the Snake Pit
 33681 | Snake:1  | Noticed Mlioglotl
 33778 | Snake:1  | Killed Mlioglotl
 33970 | Snake:1  | Noticed Rupert
 34005 | Snake:1  | Paralysed by Rupert for 7 turns
 34061 | Snake:1  | Paralysed by Rupert for 2 turns
 34082 | Snake:1  | Reached skill level 5 in Long Blades
 34481 | Orc:1    | Bought a masterwork long sword for 195 gold pieces
 34481 | Orc:1    | Identified the +7 long sword "Tiach" {freeze, Str-2 Dex+3
                  | Stlth+} (You bought it in a shop on level 1 of the Orcish
                  | Mines)
 34487 | Orc:1    | Bought a scorched long sword for 195 gold pieces
 34487 | Orc:1    | Identified the +2 long sword of Zaotequnk {antimagic, rPois
                  | rC- Stlth+} (You bought it in a shop on level 1 of the
                  | Orcish Mines)
 35142 | Snake:1  | Killed Rupert
 35734 | Snake:2  | Reached XP level 16. HP: 124/124 MP: 31/31
 37293 | Snake:3  | Identified the amulet "Beqyemed" {RegenMP Dex+3}
 37611 | Orc:2    | Bought a manual of Fighting for 1120 gold pieces
 38147 | Snake:3  | Noticed Azrael
 38162 | Snake:3  | Killed Azrael
 38388 | Snake:3  | Found Dynemeha's Armour Shop.
 38388 | Snake:3  | Found Ryl Odo's Weapon Boutique.
 39438 | Snake:4  | Entered Level 4 of the Snake Pit
 39521 | Snake:4  | Reached XP level 17. HP: 95/134 MP: 20/32
 40928 | Snake:4  | Noticed Kirke
 40935 | Snake:4  | Killed Kirke
 41349 | Snake:4  | Found a runed translucent door.
 41642 | Snake:4  | Upgraded the game from 0.28-a0-938-gbc3f381ebc to
                  | 0.28-a0-941-g140ffa10cf
 41648 | Snake:4  | Noticed Aizul
 41653 | Snake:4  | Killed Aizul
 42063 | Snake:4  | Got the Grimoire of Intoxication and the Mountains
 42515 | Snake:4  | Reached skill level 10 in Long Blades
 42983 | Snake:4  | Got a serpentine rune of Zot
 43165 | Snake:4  | Reached skill level 10 in Fighting
 43491 | D:10     | You paid a toll of 6 scrolls of fear to enter a treasure
                  | trove
 43492 | Trove    | Entered a treasure trove
 43507 | Trove    | Identified the amulet "Dussi" {Reflect rN+ Int+3 Slay-3
                  | SH+5}
 43509 | Trove    | Identified the amulet "Hozxerai" {Acrobat +Blink Dex+2}
 43511 | Trove    | Identified the amulet "Qefiat" {Acrobat Will+}
 43582 | Trove    | Identified the +2 buckler of Itaucoh {Str+5}
 43961 | Snake:4  | Upgraded the game from 0.28-a0-941-g140ffa10cf to
                  | 0.28-a0-983-g1de4e0787c
 44145 | Swamp:1  | Entered Level 1 of the Swamp
 44236 | Swamp:1  | Found a frozen archway.
 44261 | IceCv    | Entered an ice cave
 45299 | IceCv    | Noticed a lich
 45306 | IceCv    | Killed a lich
 45356 | IceCv    | Got the Disquisition on the Ghastly Frostbite
 45821 | Swamp:1  | You fall into a shaft and drop 1 floor!
 47592 | Swamp:3  | Reached XP level 18. HP: 126/152 MP: 33/33
 48110 | Swamp:3  | Upgraded the game from 0.28-a0-983-g1de4e0787c to
                  | 0.28-a0-987-g8383568036
 48136 | Swamp:4  | Entered Level 4 of the Swamp
 49407 | Swamp:4  | Identified the +3 robe of Yredelemnul's Grace {Int+3}
 49628 | Swamp:4  | Noticed a tentacled monstrosity
 50217 | Swamp:4  | Killed a tentacled monstrosity
 50375 | Swamp:4  | Got a decaying rune of Zot
 50460 | Swamp:4  | Upgraded the game from 0.28-a0-987-g8383568036 to
                  | 0.28-a0-991-g956f0ee3d5
 50694 | Elf:1    | Entered Level 1 of the Elven Halls
 50791 | Elf:1    | Found a magical portal.
 50805 | WizLab   | Entered Maxwell's Workshop
 52022 | WizLab   | Identified the ring "Luhunab" {Ice rPois Int+2 Stlth+}
 52060 | WizLab   | Reached skill level 15 in Conjurations
 52064 | WizLab   | Noticed an electric golem
 52113 | WizLab   | Killed an electric golem
 52190 | WizLab   | Found the +15 Maxwell's patent armour {-Cast -Tele rElec
                  | Will+ rCorr}
 53538 | Elf:1    | Found a runed translucent door.
 53538 | Elf:1    | Noticed Vohiat's ghost (adept DsIE)
 54332 | Elf:1    | Got the Grimoire of the Mountains
 54390 | Elf:2    | Found Kuzomuug's Antique Weapon Shop.
 54428 | Elf:2    | Paralysed by an air elemental for 1 turns
 54906 | Elf:1    | Killed Vohiat's ghost
 55474 | Elf:1    | Upgraded the game from 0.28-a0-991-g956f0ee3d5 to
                  | 0.28-a0-998-gb9e9c7b67e
 55692 | Elf:2    | Reached XP level 19. HP: 153/168 MP: 5/35
 56851 | Elf:2    | Found a runed translucent gate.
 56852 | Elf:2    | Found a runed translucent gate.
 56852 | Elf:2    | Found a runed translucent gate.
 56965 | Elf:2    | Upgraded the game from 0.28-a0-998-gb9e9c7b67e to
                  | 0.28-a0-1032-ga8db75c868
 57089 | Elf:2    | Noticed Nikola
 57254 | Elf:2    | Killed Nikola
 57280 | Elf:2    | Noticed Asterion
 57571 | Elf:2    | Killed Asterion
 57633 | Elf:2    | Noticed Agnes
 57639 | Elf:2    | Killed Agnes
 57762 | Elf:2    | Reached skill level 15 in Earth Magic
 58174 | Elf:3    | Entered Level 3 of the Elven Halls
 58326 | Elf:3    | Upgraded the game from 0.28-a0-1032-ga8db75c868 to
                  | 0.28-a0-1074-g3cb2360906
 58603 | Elf:3    | Identified the +7 flail of Oroluma {vorpal, rPois Str-3
                  | Dex+2}
 59184 | Elf:3    | Identified the +4 glaive "Lunes" {vorpal, rN+ Int+4}
 59255 | Elf:3    | Upgraded the game from 0.28-a0-1074-g3cb2360906 to
                  | 0.28-a0-1114-g8eb0198dcf
 59264 | Elf:3    | Identified the +9 battleaxe "Uju Areicy" {vorpal, rC+
                  | Str+3}
 59516 | Elf:3    | Cast into level 3 of the Abyss (a deep elf demonologist)
 59717 | Abyss:3  | Noticed a profane servitor
 59886 | Abyss:3  | Learned a level 8 spell: Lehudib's Crystal Spear
 59928 | Elf:3    | Escaped the Abyss
 60037 | Orc:2    | Bought the Unrestrained Analects for 616 gold pieces
 60199 | Elf:3    | Identified the +1 robe of Tartarus {+Blink Int+4 Stlth+}
 60519 | Elf:3    | Identified the +6 demon trident of Forced Transition
                  | {vorpal, Stlth+}
 60906 | Elf:3    | Identified the +7 flail "Akhouv" {venom, rElec rPois SInv}
 61017 | Elf:3    | Got the Guide on Stolen Souls
 61021 | Elf:3    | Got the Collected Works on Warped Darkness
 61086 | Elf:3    | Got Sif Muna's Catalogue of Creative Black Rites
 61891 | Vaults:1 | Entered Level 1 of the Vaults
 62443 | Elf:1    | Identified the +0 hat "Mautof" {rC+ Str+3 Slay-3}
 62799 | Vaults:1 | Reached XP level 20. HP: 169/176 MP: 24/38
 62952 | Vaults:1 | Upgraded the game from 0.28-a0-1114-g8eb0198dcf to
                  | 0.28-a0-1142-gc8569940dd
 63429 | Vaults:1 | Found Diban's Antique Weapon Boutique.
 64205 | Vaults:1 | Reached skill level 10 in Dodging
 65099 | Vaults:2 | Found a staircase to the Crypt.
 65638 | Vaults:2 | Found Awkif's Weapon Boutique.
 66016 | Vaults:2 | Upgraded the game from 0.28-a0-1142-gc8569940dd to
                  | 0.28-a0-1147-gc7b72d3202
 66092 | Vaults:2 | Bought the +7 Spriggan's Knife {stab, EV+4 Stlth+} for 890
                  | gold pieces
 66092 | Vaults:2 | Found the +7 Spriggan's Knife {stab, EV+4 Stlth+}
 66877 | Vaults:2 | Upgraded the game from 0.28-a0-1147-gc7b72d3202 to
                  | 0.28-a0-1159-g27aa881441
 67238 | Vaults:2 | Reached skill level 10 in Stealth
 68030 | Vaults:3 | Found Biqunazo's Magic Scroll Emporium.
 68030 | Vaults:3 | Found Fikefasa's Antique Armour Shoppe.
 68037 | Vaults:3 | Bought a scroll of teleportation for 57 gold pieces
 68865 | Vaults:3 | Noticed Sojobo
 68920 | Vaults:3 | Reached XP level 21. HP: 38/182 MP: 4/39
 68933 | Vaults:3 | Killed Sojobo
 69395 | Vaults:3 | Reached skill level 15 in Fire Magic
 69641 | Vaults:3 | Upgraded the game from 0.28-a0-1159-g27aa881441 to
                  | 0.28-a0-1167-g616b1c6417
 69868 | Vaults:3 | Learned a level 8 spell: Ignition
 70080 | Vaults:3 | Found Bonaunk's Antique Weapon Shop.
 70090 | Vaults:3 | Found Dikkuo's General Store.
 70187 | Vaults:3 | Upgraded the game from 0.28-a0-1167-g616b1c6417 to
                  | 0.28-a0-1182-g381e24db82
 72217 | Vaults:4 | Identified the +2 robe of Mezcal {Drain rC++ SInv Stlth+}
 72922 | Vaults:4 | Reached skill level 10 in Spellcasting
 73275 | Vaults:5 | Entered Level 5 of the Vaults
 73381 | Depths:1 | Entered Level 1 of the Depths
 73716 | Depths:1 | Found Jeuklu's Fire Supplies.
 73717 | Depths:1 | Found a gateway to Hell.
 73726 | Depths:1 | Bought the Incunabulum of the Volcanoes for 396 gold pieces
 73732 | Depths:1 | Learned a level 5 spell: Fireball
 74003 | Depths:1 | Found Ontetid's Self-Improvement Boutique.
 74476 | Depths:2 | Noticed a caustic shrike
 74476 | Depths:2 | Noticed a caustic shrike
 74500 | Depths:2 | Noticed a caustic shrike
 74500 | Depths:2 | Noticed a caustic shrike
 74502 | Depths:2 | Noticed a caustic shrike
 74509 | Depths:1 | Killed a caustic shrike
 74512 | Depths:1 | Killed a caustic shrike
 74677 | Depths:1 | HP: 5/182 [acid (10)]
 75056 | Depths:1 | Found Ontetid's Self-Improvement Boutique.
 75267 | Depths:1 | Killed a caustic shrike
 75314 | Depths:1 | Killed a caustic shrike
 75540 | Depths:1 | Found Jeuklu's Fire Supplies.
 75541 | Depths:1 | Found a gateway to Hell.
 75797 | Depths:2 | Found a one-way gate leading to the halls of Pandemonium.
 75820 | Depths:2 | Killed a caustic shrike
 75843 | Depths:2 | Noticed a golden dragon
 75848 | Depths:2 | You fall into a shaft and drop 2 floors!
 75848 | Depths:4 | Entered Level 4 of the Depths
 75876 | Depths:4 | Noticed a golden dragon
 76610 | Depths:4 | Reached XP level 22. HP: 167/190 MP: 43/43
 76880 | Depths:4 | Found a one-way gateway to a ziggurat.
 78266 | Depths:2 | Found Dubywom's Book Shop.
 78404 | Depths:1 | Bought a manual of Earth Magic for 1200 gold pieces
 78877 | Depths:2 | Found Jeskos's Jewellery Shoppe.
 78877 | Depths:2 | Found Kemag's Book Shop.
 78878 | Depths:2 | Found Marphuopt's Book Shop.
 79222 | Depths:3 | Found Soewna's Book Shoppe.
 79226 | Depths:3 | Upgraded the game from 0.28-a0-1182-g381e24db82 to
                  | 0.28-a0-1190-g77e1c55843
 79339 | Depths:3 | Found Luizaok's Antique Weapon Shoppe.
 79502 | Depths:3 | Found Qicwim's Assorted Antiques.
 79505 | Depths:3 | Bought a scroll of teleportation for 114 gold pieces
 79734 | Depths:3 | Found a one-way gate to the infinite horrors of the Abyss.
 80361 | Depths:4 | Found a gate to the Realm of Zot.
 81139 | D:15     | Killed Silenceoftheyaks's ghost
 81382 | Depths:3 | Voluntarily entered the Abyss.
 81673 | Abyss:1  | Identified the ring "Zeadd" {rN+ Will++ Str+3 Int+2}
 81740 | Depths:3 | Escaped the Abyss
 81897 | Depths:3 | Learned a level 9 spell: Shatter
 81913 | Depths:3 | Voluntarily entered the Abyss.
 82086 | Abyss:2  | Upgraded the game from 0.28-a0-1190-g77e1c55843 to
                  | 0.28-a0-1199-gef9e1dbd39
 82530 | Depths:3 | Escaped the Abyss
 82572 | Depths:3 | Voluntarily entered the Abyss.
 83333 | Depths:3 | Escaped the Abyss
 83394 | Depths:3 | Voluntarily entered the Abyss.
 83951 | Abyss:1  | Noticed a dread lich
 83955 | Abyss:1  | Gained mutation: Armour fits poorly on your strangely
                  | shaped body. [a neqoxec]
 83960 | Abyss:1  | Reached XP level 23. HP: 52/137 MP: 11/45
 84173 | Depths:3 | Escaped the Abyss
 84214 | Depths:3 | Voluntarily entered the Abyss.
 84699 | Depths:3 | Escaped the Abyss
 86314 | Vaults:4 | Upgraded the game from 0.28-a0-1199-gef9e1dbd39 to
                  | 0.28-a0-1202-g1e6f1b2279
 87142 | Vaults:5 | Got a silver rune of Zot
 87794 | Vaults:5 | Identified the +3 halberd of Ascent {vorpal, rN+ MP+9 Dex+3
                  | Stlth-}
 88048 | Depths:1 | Bought a manual of Fighting for 1200 gold pieces
 88537 | Vaults:5 | Found Duocviru's Assorted Antiques.
 88541 | Vaults:5 | Bought a scroll of blinking for 172 gold pieces
 88541 | Vaults:5 | Bought a potion of magic for 184 gold pieces
 88648 | Vaults:5 | Identified the amulet of Xom's Sleight of Hands {RegenMP
                  | rC+ Regen+}
 88882 | Vaults:5 | Upgraded the game from 0.28-a0-1202-g1e6f1b2279 to
                  | 0.28-a0-1212-gc6b4282bc0
 89334 | Slime:1  | Entered Level 1 of the Pits of Slime
 89505 | Slime:3  | Reached skill level 15 in Fighting
 90295 | Slime:5  | Entered Level 5 of the Pits of Slime
 90296 | Slime:5  | Paralysed by a great orb of eyes for 4 turns
 90297 | Slime:5  | Reached XP level 24. HP: 209/209 MP: 48/48
 90309 | Slime:4  | Reached skill level 15 in Spellcasting
 90404 | Slime:4  | Learned a level 8 spell: Lehudib's Crystal Spear
 91392 | Slime:5  | Noticed the Royal Jelly
 92608 | Slime:5  | Killed the Royal Jelly
 93685 | Slime:5  | Got a slimy rune of Zot
 93723 | Slime:5  | Identified the +10 demon whip of Terra Cotta {elec, rPois
                  | rF+ Dex-2}
 93767 | Slime:5  | Identified the ring "Puemm" {rElec rPois rN+ Int+2 Stlth-}
 93799 | Slime:5  | Identified the +9 mace of Vemuen {venom, rElec rC+ Int+3}
 93823 | Slime:5  | Identified the +2 pair of gloves of the Untouchables {rC+}
 93878 | Slime:5  | Identified the +1 glaive of Fundamental Breach {vorpal,
                  | MP+9}
 93972 | Slime:1  | Upgraded the game from 0.28-a0-1212-gc6b4282bc0 to
                  | 0.28-a0-1227-ga9037bb4c8
 94305 | Crypt:1  | Entered Level 1 of the Crypt
 94858 | Crypt:1  | Found a runed translucent door.
 94860 | Crypt:1  | Noticed Caitwiop's ghost (veteran GrFi)
 95441 | Crypt:1  | Killed Caitwiop's ghost
 95931 | Crypt:1  | Upgraded the game from 0.28-a0-1227-ga9037bb4c8 to
                  | 0.28-a0-1233-g92def6ad0a
 97381 | Crypt:3  | Entered Level 3 of the Crypt
 98373 | Crypt:3  | Upgraded the game from 0.28-a0-1233-g92def6ad0a to
                  | 0.28-a0-1234-g826d19b2e0
 98439 | Crypt:3  | Noticed a dread lich
 98449 | Crypt:3  | Killed a dread lich
 98498 | Crypt:3  | Found a staircase to the Tomb.
 98498 | Crypt:3  | Found the +4 dagger "Morg" {pain, Will+ Int+5}
 98812 | Crypt:3  | Reached XP level 25. HP: 227/227 MP: 48/48
100042 | Orc:2    | Bought a scroll of enchant weapon for 90 gold pieces
100286 | Zot:1    | Entered Level 1 of the Realm of Zot
100388 | Zot:1    | Reached skill level 10 in Shields
100603 | Zot:1    | Noticed an orb of fire
102199 | Zot:1    | You are sucked into a shaft and drop 1 floor!
103705 | Zot:1    | Identified the +10 whip "Muvuon" {drain, Str+5}
103706 | Zot:1    | Got Hojur's Catalogue of The Black Sun
103721 | Zot:1    | Upgraded the game from 0.28-a0-1234-g826d19b2e0 to
                  | 0.28-a0-1235-g7c8fac35f0
104363 | Zot:2    | Noticed an ancient lich
104368 | Zot:2    | Killed an ancient lich
105250 | Zot:2    | Learned a level 7 spell: Spellforged Servitor
105276 | Zot:1    | Gained mutation: You do not regenerate when monsters are
                  | visible. [an orb of fire]
105338 | Zot:2    | Lost mutation: You do not regenerate when monsters are
                  | visible. [potion of mutation]
105338 | Zot:2    | Gained mutation: You expend magic power (3 MP) to
                  | strengthen your wands. [potion of mutation]
105338 | Zot:2    | Gained mutation: You are frail. (-10% HP) [potion of
                  | mutation]
105338 | Zot:2    | Gained mutation: You are strong-willed. (Will+) [potion of
                  | mutation]
105338 | Zot:2    | Gained mutation: Your natural rate of healing is unusually
                  | fast. [potion of mutation]
105452 | Zot:2    | Reached skill level 1 in Summonings
105902 | Zot:1    | Gained mutation: You tend to lose your temper in combat.
                  | [an orb of fire]
105903 | Zot:1    | Killed an orb of fire
106729 | Zot:2    | Upgraded the game from 0.28-a0-1235-g7c8fac35f0 to
                  | 0.28-a0-1334-g1c9ffb4daf
106784 | Zot:3    | Learned a level 5 spell: Fireball
106846 | Zot:3    | Noticed an orb of fire
106851 | Zot:3    | Killed an orb of fire
106868 | Zot:3    | Reached skill level 5 in Summonings
107051 | Zot:3    | Upgraded the game from 0.28-a0-1334-g1c9ffb4daf to
                  | 0.28-a0-1344-g6b9ff3a05d
107326 | Depths:2 | Bought a manual of Armour for 1760 gold pieces
108107 | Zot:3    | Identified the +1 scale mail "Leoreuss" {rElec}
109437 | Zot:3    | Reached XP level 26. HP: 201/212 MP: 34/48
109782 | Zot:5    | Entered Level 5 of the Realm of Zot
110438 | Zig:1    | Entered Level 1 of a ziggurat
110471 | Zig:2    | Entered Level 2 of a ziggurat
110530 | Zig:2    | Identified the +10 trident of Context {flame, *Corrode
                  | rElec rC+}
110546 | Zig:3    | Entered Level 3 of a ziggurat
110550 | Zig:3    | Noticed Som Nou the pandemonium lord
110565 | Zig:3    | Killed Som Nou the pandemonium lord
110566 | Zig:3    | Reached skill level 10 in Armour
110708 | Zig:4    | Entered Level 4 of a ziggurat
110710 | Zig:4    | Found the amulet of the Four Winds {rN+ Will+++ Clar}
110773 | Zig:5    | Entered Level 5 of a ziggurat
110778 | Zig:5    | Found the +9 heavy crossbow "Sniper" {vorpal, Acc+∞ SInv}
110808 | Zig:5    | Identified the +0 scale mail of Dithmenos's Whim {rF+ Str+3
                  | Int+4}
110829 | Zig:6    | Entered Level 6 of a ziggurat
110899 | Zig:7    | Entered Level 7 of a ziggurat
110902 | Zig:7    | Noticed a juggernaut
110909 | Zig:7    | Killed a juggernaut
111015 | Zig:8    | Entered Level 8 of a ziggurat
111125 | Zig:9    | Entered Level 9 of a ziggurat
111396 | Zig:9    | Identified the +1 ring mail of the World {+Blink Fly Str-3
                  | Int+9}
111436 | Zig:10   | Entered Level 10 of a ziggurat
111444 | Zig:10   | Noticed a royal mummy
111450 | Zig:10   | Killed a royal mummy
112130 | Zot:5    | Reached skill level 10 in Summonings
112367 | Zot:5    | Noticed an ancient lich
112369 | Zot:5    | Noticed an ancient lich
112377 | Zot:5    | Killed an ancient lich
112388 | Zot:5    | Killed an ancient lich
112592 | Zot:5    | Noticed a dread lich
112598 | Zot:5    | Noticed an ancient lich
112714 | Zot:5    | Noticed an orb of fire
112722 | Zot:5    | Killed a dread lich
112731 | Zot:5    | Gained mutation: You sometimes lose the ability to read
                  | scrolls when taking damage. [an orb of fire]
112736 | Zot:5    | Killed an orb of fire
112744 | Zot:5    | Killed an ancient lich
112878 | Zot:4    | Lost mutation: You are frail. (-10% HP) [potion of
                  | mutation]
112878 | Zot:4    | Lost mutation: You sometimes lose the ability to read
                  | scrolls when taking damage. [potion of mutation]
112878 | Zot:4    | Lost mutation: You expend magic power (3 MP) to strengthen
                  | your wands. [potion of mutation]
112878 | Zot:4    | Gained mutation: You are weak. (Str -2) [potion of
                  | mutation]
112878 | Zot:4    | Gained mutation: You often lose your temper in combat.
                  | [potion of mutation]
112878 | Zot:4    | Gained mutation: You have a pair of small horns on your
                  | head. [potion of mutation]
112879 | Zot:4    | Lost mutation: You are strong-willed. (Will+) [potion of
                  | mutation]
112879 | Zot:4    | Gained mutation: Your flesh is heat resistant. (rF+)
                  | [potion of mutation]
112880 | Zot:4    | Lost mutation: You often lose your temper in combat.
                  | [potion of mutation]
112880 | Zot:4    | Lost mutation: Armour fits poorly on your strangely shaped
                  | body. [potion of mutation]
112880 | Zot:4    | Gained mutation: You are frail. (-10% HP) [potion of
                  | mutation]
112880 | Zot:4    | Lost mutation: You tend to lose your temper in combat.
                  | [potion of mutation]
112938 | Zot:5    | Noticed an orb of fire
112939 | Zot:5    | Gained mutation: Your spells are a little easier to cast,
                  | but a little less powerful. [an orb of fire]
112939 | Zot:5    | Noticed an ancient lich
112966 | Zot:5    | Killed an ancient lich
112972 | Zot:5    | Killed an orb of fire
113424 | Zot:5    | Noticed an orb of fire
113440 | Zot:5    | Killed an orb of fire
113446 | Zot:5    | Noticed a dread lich
113447 | Zot:5    | Noticed an orb of fire
113817 | Depths:3 | Voluntarily entered the Abyss.
114383 | Depths:3 | Escaped the Abyss
114468 | Depths:3 | Voluntarily entered the Abyss.
114785 | Abyss:1  | Reached XP level 27. HP: 192/195 MP: 27/48
114872 | Abyss:1  | Upgraded the game from 0.28-a0-1344-g6b9ff3a05d to
                  | 0.28-a0-1365-g7e0445c96d
114913 | Depths:3 | Escaped the Abyss
115286 | Zot:5    | Killed a dread lich
115440 | Zot:5    | Noticed an ancient lich
115452 | Zot:5    | Killed an ancient lich
115488 | Zot:5    | Killed an orb of fire
115880 | Zot:5    | Noticed an ancient lich
115885 | Zot:5    | Killed an ancient lich
115968 | Zot:5    | Got the Orb of Zot
116394 | D:11     | Noticed Hitick the pandemonium lord
116410 | D:10     | Noticed Honuoc the pandemonium lord
116414 | D:10     | Killed Honuoc the pandemonium lord
116575 | D:$      | Escaped with the Orb!

Illustrated notes

Levels and vault maps discovered:
D:1:      dpeg_arrival_orchard, layout_rooms,
          shapermc_ecumenical_altar_mp_vishouse, minmay_tiny_reverse_x
D:2:      layout_rooms, chequers_jeans, supply_closet_lemuel, uniq_robin
D:3:      layout_loops_ring, gammafunk_ghost_gnarly_gnolls,
          corexii_item_surrounded_by_moat
D:4:      layout_layer_cave, mainiacjoe_overflow_catwalk,
          okawaru_metal_pillars_1_2, ashenzari_altar_1
D:5:      layout_gridville, gup_sewer_entry_glass
D:6:      layout_cave_pods, yredelemnul_altar_generic,
          minmay_temple_entry_butterflies, minmay_holes,
          kennysheep_cluttered_room
D:7:      layout_basic, mainiacjoe_overflow_alcove_2, serial_shops,
          nicolae_shop_trees, uniq_maggie
D:8:      layout_loops_ring, nicolae_wu_jian_wuxing_cycle,
          mainiacjoe_overflow_small_starburst, hellmonk_ghost_happy_afterlife,
          uniq_maurice, uniq_erica
D:9:      layout_basic, david_lair_generic, nicolae_shop_sticking_my_neck_out,
          uniq_harold
D:10:     layout_long_grid, nicolae_sif_muna_little_library, tgw_fedhas,
          trove_entry_hex_spiral, david_greed, uniq_grum, uniq_sonja
D:11:     layout_roguey, serial_shops, shop, nicolae_ru_awakened_eye
D:12:     layout_layer_cave, orc_0_dummy
D:13:     layout_layer_cave, nicolae_vehumet_radiance
D:14:     layout_roguey, david_vaults_3
D:15:     hangedman_depths_entry_try_elsewhere_first, layout_cave_pods,
          gammafunk_ghost_arena, hangedman_decor_growths
Lair:1:   layout_cave_pods
Lair:2:   layout_loops_ring, nicolae_swamp_entry_splash_gauntlet, basic_altar,
          beast_lair_carwin_5
Lair:3:   layout_cave_pods
Lair:4:   layout_concentric_octagons, minmay_snake_entry_six_corridors,
          lemuel_centaur_altar, grunt_megastairs_2, serial_bayou_shore_b
Lair:5:   layout_cave_pods, slime_altar_1, grunt_megastairs_1, uniq_nessos
Lair:6:   wormcave, layout_small_grid, guppyfry_lair_end_dragon,
          serial_bayou_lake_a, grunt_megastairs_5
Swamp:1:  layout_basic_swamp, portal_ice_cave_entry_frozen_things,
          evilmike_swamp_ruin_house_2
Swamp:2:  layout_falls_marsh, evilmike_swamp_ruin_wall, swamp_pool1
Swamp:3:  layout_basic_swamp, nicolae_swamp_godswood
Swamp:4:  swamp_vile, layout_basic_swamp, swamp_pool3,
          infiniplex_staircase_pool_2
Snake:1:  layout_cave_pods, serial_bayou_shore_b, uniq_mlioglotl, uniq_rupert
Snake:2:  layout_cave_shapes, basic_altar, grunt_megastairs_3
Snake:3:  layout_layer_cave, basic_altar, nicolae_snake_shapes,
          minmay_shoptagon, uniq_azrael
Snake:4:  snake_pit_salamanders_mu, layout_basic, lightli_airlock, uniq_aizul,
          uniq_kirke
Slime:1:  layout_caves
Slime:2:  layout_caves
Slime:3:  layout_caves
Slime:4:  layout_caves, nicolae_slime_barrier, nicolae_slime_welcoming_committee
Slime:5
Orc:1:    layout_caves, serial_shops, nicolae_shop_advertising_works
          [nicolae_subvault_shop_adworks], hellmonk_bongcloud_opening,
          uniq_erolcha
Orc:2:    st_orc_town, layout_caves
Elf:1:    layout_gridlike, hellmonk_ghost_big_iron,
          infiniplex_enter_wizlab_spiral, minmay_elf_annihilation,
          minivault_25_ag
Elf:2:    nicolae_elf_blades_crystal_corner, layout_loops_cross,
          minmay_the_grid_2x2 [minmay_the_grid_eight,
          minmay_the_grid_broken_lines, minmay_the_grid_holed_spiral,
          minmay_the_grid_prize_trominoes], minmay_shop_star, uniq_nikola,
          uniq_asterion, uniq_agnes
Elf:3:    minmay_elf_hall_quartered_circle, layout_geoelf_octagon,
          chequers_big_river, nicolae_elf_big_sculpture_2, minivault_24
Vaults:1: st_lines, hangedman_vaults_restitches, ontoclasm_vaults_ligature,
          v_misc_3, nicolae_vaults_twisting_passages, v_misc_17, v_misc_9,
          v_pattern_5, vaults_mumra_minichess, nicolae_vaults_asterisk,
          layout_vaults_quadrants, serial_shops, shop_fountains
Vaults:2: vaults_dpeg_encased_lava, nicolae_vaults_disjoint_gnomons,
          vaults_room_ringed_pool, v_misc_5, hangedman_vaults_hat,
          vaults_mumra_chevron_long, vaults_room_pool,
          minmay_crypt_entry_simple_sparse, nicolae_vaults_little_squares_2,
          st_star, hangedman_vaults_variations, ontoclasm_vaults_loading_screen,
          vaults_room_large_hall, nicolae_vaults_little_squares_6,
          layout_vaults_maze_bifur, serial_shops, shop
Vaults:3: nicolae_vaults_network_square, vaults_dpeg_doors, v_misc_17,
          vaults_room_octagon, hangedman_vaults_river_flow, v_misc_4,
          ontoclasm_vaults_eye, v_misc_3, vaults_room_hallway, vaults_room_pool,
          layout_vaults_ring, serial_shops, shop, shop_scrolls, shop, shop,
          uniq_sojobo
Vaults:4: hangedman_vaults_maws, grunt_tower_of_power, nicolae_vaults_arrows,
          nicolae_vaults_little_squares_5, nicolae_vaults_rhombus_5,
          layout_vaults_chaotic_city
Vaults:5: serial_shops
Crypt:1:  layout_misc_corridors, ebering_ghost_reflecting_pool, tombwall_bobbens
Crypt:2:  layout_chaotic_city, grunt_megastairs_4
Crypt:3:  cryptofortress_bobbens
Depths:1: layout_basic, hell_entry, nicolae_shop_fire_sale
          [nicolae_sub_dead_trees], drop_trap, nicolae_shop_self_help,
          serial_bayou_shore_b
Depths:2: hangedman_cross_stitches, layout_long_grid,
          hangedman_abyss_or_decor_stagger, grunt_mini_vestibule, serial_shops,
          nicolae_shop_waterfront, pan_entry, nrook_uturn,
          infiniplex_staircase_river, serial_bayou_shore_b,
          serial_bayou_shore_b, minmay_shop_grove
Depths:3: minmay_skeletal_surprise, layout_gridlike, good_gods_temple_1,
          serial_shops, nicolae_square_shop, kennysheep_mini_moat,
          nicolae_shop_statue_plus, pf_coc_iceberg, abyss_entry,
          minmay_misc_feat_more_columns, infiniplex_staircase_diamond
Depths:4: grunt_zot_entry_tricorne, layout_twisted_cross, enter_ziggurat_e,
          pf_vacation_house_of_asmodeus
Zot:1:    dreamdust_black_sun_cult, layout_gridville
Zot:2:    grunt_deathspiral_small, layout_cathedral_of_symmetry,
          st_single_dragon_hoard_2
Zot:3:    layout_misc_corridors
Zot:4:    layout_concentric_octagons
Zot:5:    layout_onion

Skill      XL: |  1  2  3  4  5  6  7  8  9 10 11 12 13 14 15 16 17 18 19 20 21 22 23 24 25 26 27 |
---------------+----------------------------------------------------------------------------------+-----
Fire Magic     | 3 4 5 7 10 11 12 14 16 17 18 19 21 22 | 22.0
Shields        | 2 3 4 5 6 9 14 | 14.3
Dodging        | 2 3 4 5 6 7 9 10 11 | 11.7
Stealth        | 2 3 4 5 6 7 10 11 | 11.5
Spellcasting   | 2 5 6 7 8 11 12 14 15 | 15.0
Fighting       | 1 2 3 5 6 7 11 14 15 19 | 19.2
Armour         | 1 3 4 5 6 9 13 14 | 14.0
Short Blades   | 1 2 3 4 |  4.0
Evocations     | 1 3 4 5 6 8 |  8.2
Translocations | 1 2 |  2.0
Necromancy     | 3 6 7 |  7.1
Earth Magic    | 3 7 9 11 13 14 16 20 21 22 | 22.3
Conjurations   | 5 8 10 12 13 15 16 17 18 19 | 19.2
Long Blades    | 6 8 11 | 11.6
Summonings     | 8 11 | 11.8

Action                   |  1- 3 |  4- 6 |  7- 9 | 10-12 | 13-15 | 16-18 | 19-21 | 22-24 | 25-27 || total
-------------------------+-------+-------+-------+-------+-------+-------+-------+-------+-------++-------
Melee: Unarmed           |     4 |       |       |       |       |       |       |       |       ||     4
       Dagger            |    16 |     6 |     4 |    14 |    15 |    14 |     5 |       |       ||    74
       Staff             |       |     4 |     5 |     5 |    23 |    23 |    12 |   100 |    29 ||   201
       Long sword        |       |       |       |       |     8 |   248 |   189 |    43 |       ||   488
       Knife             |       |       |       |       |       |       |    19 |    35 |    28 ||    82
       Whip              |       |       |       |       |       |       |       |     8 |       ||     8
       Demon blade       |       |       |       |       |       |       |       |       |   148 ||   148
       Headbutt          |       |       |       |       |       |       |       |       |    45 ||    45
Throw: Dart              |       |       |     4 |     4 |       |       |     4 |       |     3 ||    15
 Cast: Foxfire           |    23 |     8 |     5 |       |       |       |       |       |       ||    36
       Scorch            |    33 |    77 |   107 |   137 |    41 |       |       |       |       ||   395
       Conjure Flame     |       |     2 |     2 |    12 |     6 |       |       |       |       ||    22
       Flame Wave        |       |       |    15 |    77 |   120 |    18 |     2 |       |       ||   232
       Blink             |       |       |       |     1 |     1 |     1 |     2 |     1 |     2 ||     8
       Starburst         |       |       |       |     9 |   112 |    71 |    76 |    27 |       ||   295
       Borgnjor's Vile C |       |       |       |     4 |    97 |   207 |   269 |   105 |   137 ||   819
       Iron Shot         |       |       |       |       |    89 |   320 |   396 |   596 |   228 ||  1629
       Animate Dead      |       |       |       |       |     7 |     2 |     7 |     2 |       ||    18
       Lehudib's Crystal |       |       |       |       |       |       |     2 |    19 |   142 ||   163
       Ignition          |       |       |       |       |       |       |    31 |   134 |    15 ||   180
       Fireball          |       |       |       |       |       |       |     4 |    25 |    17 ||    46
       Shatter           |       |       |       |       |       |       |       |     4 |    16 ||    20
       Spellforged Servi |       |       |       |       |       |       |       |       |    55 ||    55
Evoke: Wand              |       |       |       |     2 |     6 |     6 |    22 |     3 |     4 ||    43
       Box of beasts     |       |       |       |       |     1 |       |     2 |       |     1 ||     4
       Condenser vane    |       |       |       |       |       |       |     5 |       |       ||     5
       Tin of tremorston |       |       |       |       |       |       |     2 |     2 |       ||     4
       Phantom mirror    |       |       |       |       |       |       |     1 |     1 |       ||     2
       Lightning rod     |       |       |       |       |       |       |       |       |     4 ||     4
  Use: Scroll            |     4 |    11 |    10 |     9 |    10 |     8 |    13 |    13 |    15 ||    93
       Potion            |       |     1 |       |       |     1 |     1 |     8 |    12 |     9 ||    32
 Stab: Sleeping          |       |       |     4 |     8 |     6 |    35 |    21 |    29 |    24 ||   127
       Paralysed         |       |       |       |     2 |       |       |     1 |     4 |       ||     7
       Distracted        |       |       |       |       |       |     3 |     2 |     2 |     4 ||    11
Armor: Robe              |    18 |    12 |    24 |       |       |       |       |       |       ||    54
       Leather armour    |       |       |     5 |    81 |   110 |   184 |   146 |   154 |    98 ||   778
Dodge: Dodged            |    40 |    23 |    41 |   113 |   170 |   292 |   287 |   343 |   264 ||  1573
Block: Buckler           |       |    11 |    38 |    89 |   163 |   263 |   219 |   268 |   197 ||  1248
       Reflection        |       |     2 |     3 |    15 |     4 |    51 |    81 |    46 |    37 ||   239

Table legend: (Time is in decaauts)
 A = Elapsed time spent in this place.
 B = Non-inter-level travel time spent in this place.
 C = Inter-level travel time spent in this place.
 D = Time resting spent in this place.
 E = Time spent auto-exploring this place.
 F = Levels seen in this place.
 G = Mean time per level.
                   A        B        C        D        E       F      G
               +--------+--------+--------+--------+--------+-----+--------+
         Total | 116824 | 104172 |  12652 |  21400 |  57947 |  80 | 1460.3 |
       Dungeon |  22471 |  18284 |   4187 |   2455 |  12107 |  15 | 1498.1 |
          Lair |  13254 |  11437 |   1817 |   3449 |   5933 |   6 | 2209.0 |
         Swamp |   5240 |   5041 |    199 |    744 |   3125 |   4 | 1310.0 |
     Snake Pit |   9119 |   8390 |    729 |   2172 |   4425 |   4 | 2279.8 |
    Slime Pits |   4652 |   4418 |    234 |   2682 |    436 |   5 |  930.4 |
  Orcish Mines |   2654 |   2202 |    452 |    258 |   1312 |   2 | 1327.0 |
   Elven Halls |   8734 |   7916 |    818 |   1448 |   4692 |   3 | 2911.3 |
        Vaults |  15524 |  14219 |   1305 |   3109 |   8045 |   5 | 3104.8 |
         Crypt |   4967 |   4820 |    147 |    237 |   3459 |   3 | 1655.7 |
        Depths |   9284 |   7786 |   1498 |   2335 |   3712 |   4 | 2321.0 |
           Zot |  11908 |  10646 |   1262 |   1407 |   6630 |   5 | 2381.6 |
         Abyss |   4338 |   4338 |      0 |    762 |   1533 |  10 |  433.8 |
      Ziggurat |   1195 |   1195 |      0 |    205 |    432 |  10 |  119.5 |
         Trove |    130 |    130 |      0 |      0 |     57 |   1 |  130.0 |
         Sewer |    459 |    459 |      0 |      2 |    361 |   1 |  459.0 |
      Ice Cave |   1203 |   1203 |      0 |    134 |    553 |   1 | 1203.0 |
        Wizlab |   1685 |   1685 |      0 |      0 |   1131 |   1 | 1685.0 |
               +--------+--------+--------+--------+--------+-----+--------+

Top non-repeatable levels by time:
Vaults:4: 4631 daAuts
   Elf:1: 3842 daAuts
  Lair:5: 3757 daAuts
Vaults:2: 3623 daAuts
   Zot:2: 3201 daAuts
 Snake:3: 3044 daAuts
Depths:3: 3031 daAuts
Vaults:1: 2958 daAuts
   Zot:1: 2925 daAuts
   Zot:5: 2900 daAuts
 Snake:4: 2833 daAuts
   Elf:2: 2778 daAuts
Depths:4: 2690 daAuts
    D:10: 2641 daAuts
 Abyss:1: 2631 daAuts
